 Dungeon Crawl Stone Soup version 0.30-a0-358-g0d69a1922f (webtiles) character file.

Game seed: 17607495995772245801

41 mcwallace the Caller (level 3, -7/23 HPs)
             Began as an Octopode Summoner on Nov 11, 2022.
             Killed from afar by an orc wizard (10 damage)
             ... with a puff of flame
             ... on level 3 of the Dungeon.
             The game lasted 00:04:22 (1433 turns).

mcwallace the Caller (Octopode Summoner)            Turns: 1433, Time: 00:04:23

Health: -7/23      AC:  1    Str:  7    XL:     3   Next: 52%
Magic:  3/6        EV: 13    Int: 19    God:
Gold:   81         SH:  0    Dex: 12    Spells: 2/6 levels left

rFire   . . .      SeeInvis .    m - +0 short sword {short}
rCold   . . .      Faith    .    (no shield)
rNeg    . . .      Spirit   .    (helmet restricted)
rPois   .          Reflect  .    (no amulet)
rElec   .          Harm     .    (no ring)
rCorr   .          Rampage  .    (no ring)
Will    .....                    (no ring)
Stlth   +++.......               (no ring)
HPRegen 0.23/turn                (no ring)
MPRegen 0.10/turn                (no ring)
                                 (no ring)
                                 (no ring)

@: no status effects
A: almost no armour, amphibious, 8 rings, camouflage 1, gelatinous body 1,
(nimble swimmer 1), tentacles
a: no special abilities


You were on level 3 of the Dungeon.
You visited 1 branch of the dungeon, and saw 3 of its levels.

You collected 81 gold pieces.


Innate Abilities, Weirdness & Mutations

You cannot wear most types of armour.
You are amphibious.
You can wear up to eight rings at the same time.
Your skin changes colour to match your surroundings (Stealth+).
Your rubbery body absorbs attacks. (AC +1, EV +1)
((You are camouflaged when in or above water. (Stealth+)))
You have tentacles for arms and can constrict up to eight enemies at once.


   Skills:
 + Level 1.2 Fighting
 + Level 2.5 Dodging
 - Level 2.6 Stealth
 + Level 2.4 Spellcasting
 + Level 4.3 Summonings


You had 2 spell levels left.
You knew the following spells:

 Your Spells              Type           Power      Damage    Failure   Level
a - Summon Small Mammal   Summ           72%        N/A       2%          1
b - Call Canine Familiar  Summ           18%        N/A       9%          3

Your spell library contained the following spells:

 Spells                   Type           Power      Damage    Failure   Level
 Call Imp                 Summ           18%        N/A       4%          2
 Summon Guardian Golem    Hex/Summ       10%        N/A       21%         3
 Summon Lightning Spire   Summ/Air       10%        N/A       54%         4

Inventory:

Hand Weapons
 b - a +0 dagger {short}
   (You found it on level 1 of the Dungeon)
 e - a +0 short sword {short}
   (You found it on level 1 of the Dungeon)
 l - a +0 club {mace}
   (You took it off a goblin on level 2 of the Dungeon)
 m - a +0 short sword (weapon) {short}
   (You took it off a kobold on level 2 of the Dungeon)
 n - a +0 short sword {short}
   (You found it on level 2 of the Dungeon)
Missiles
 g - 23 stones {throwing}
Magical Staves
 k - a staff of cold {!astaff}
   (You found it on level 2 of the Dungeon)
Scrolls
 c - 3 scrolls of butterflies {unknown}
 f - 2 scrolls of blinking {unknown}
 h - 2 scrolls of identify {unknown}
Potions
 a - a potion of magic
 d - a potion of haste {unknown}
 i - a potion of curing {unknown}
 j - a potion of ambrosia {unknown}

Dungeon Overview and Level Annotations

Branches:
Dungeon (3/15) Zot: 16568

Altars:

Shops:
D:1

(
#.#.#............+.......#.....#
#.#.#########....####....#..##.#.
#.#.# #######...#.......... ..#.#
#........#.#.#. #.#.#
#........#.#.#. ..#.#
#..o.....#.#.# .##.# #.o....#.#.#
.##.# ##########h###....... .#
.......@.o........#.# ..#
##########........# ....
##......... #### ......... #
.###.#. .# .# .. #


You could see an orc wizard (ally target) and a friendly hound (summoned, very
poisoned).


Message History

Anything else - Cancel.
Gang up on whom?
Press: ? - help, Dir - move target, f - goblin
Aim: a goblin, wielding a +0 club (asleep, ally target) Attack!
Your rat bites the goblin.
The goblin dies! 😎 MP[+1]
An orc comes into view. It is wielding a +0 short sword.
Your rat disappears in a puff of smoke! 😎 MP[+1]
Your mp is fully restored (6).
Casting: Summon Small Mammal (safe; 2% risk of failure)
Press: ? - help, Q - select action, (/) - cycle Dir - look around, f - activate 😎 MP[-1]
You lost 1 mp, and now have 5/6 mp.
What are your orders? t - Shout!
Orders for allies: a - Attack new target. r - Retreat! s - Stop attacking. g - Guard the area. f - Follow me.
Anything else - Cancel.
Gang up on whom?
Press: ? - help, Dir - move target, f - orc
Aim: an orc, wielding a +0 short sword (asleep, ally target) Attack!
Your quokka bites the orc!
The orc dies! 😎 MP[+1]
Your mp is fully restored (6).
What are your orders? t - Shout!
Orders for allies: a - Attack new target. r - Retreat! s - Stop attacking. g - Guard the area. f - Follow me.
Anything else - Cancel.
You shout for attention!
You swap places.
Your quokka disappears in a puff of smoke!
A sourceless malevolence fills the Dungeon... and a teleportation trap spontaneously manifests!
You are yanked towards some nearby monsters!
Your surroundings suddenly seem different.
An orc wizard and 2 orcs come into view.
An orc is wielding a +0 trident of venom.
Casting: Summon Small Mammal (safe; 2% risk of failure)
Press: ? - help, Q - select action, (/) - cycle Dir - look around, f - activate The orc wizard shouts!
The orc wizard casts a spell at you. The puff of flame hits you!
Ouch! That really hurt!
* * * LOW HITPOINT WARNING * * *
😨 HP[-14] MP[-1]
You take 14 damage, and now have 9/23 hp.
MASSIVE DAMAGE!! (PAUSE)
You lost 1 mp, and now have 5/6 mp.
Casting: Summon Small Mammal (safe; 2% risk of failure)
Confirm with . or Enter, or press ? or * to list all spells.
The spell is quite dangerous to miscast (9% risk of failure)!
Continue anyway?
The orc wizard hits you with a +0 dagger.
* * * LOW HITPOINT WARNING * * *
Your quokka barely misses the orc wizard. 😨 HP[-2] MP[-3]
You take 2 damage, and now have 7/23 hp.
You lost 3 mp, and now have 2/6 mp.
You closely miss the orc wizard. You grab the orc wizard.
You constrict the orc wizard, but do no damage.
Your hound barely misses the orc wizard.
Your quokka bites the orc wizard but does no damage.
The orc wizard gestures at you while chanting.
You resist with significant effort.
The orc hits your hound with a +0 hand axe.
The orc hits your quokka with a +0 hand axe.
Your quokka dies!
Your quokka's corpse disappears in a puff of smoke!
Your hound bites the orc wizard.
You hit the orc wizard but do no damage.
You constrict the orc wizard, but do no damage.
Your hound bites the orc wizard.
The orc wizard hits you with a +0 dagger.
* * * LOW HITPOINT WARNING * * *
The orc hits your hound with a +0 hand axe. 😱 HP[-4]
You take 4 damage, and now have 3/23 hp.
You release your grip on the orc wizard.
Your hound barely misses the orc wizard.
The orc hits your hound with a +0 hand axe. 😱 HP[+1]
The orc barely misses you.
Your hound bites the orc wizard.
The orc hits your hound but does no damage.
Your hound is poisoned.
Your hound barely misses the orc wizard.
The orc barely misses your hound.
The orc wizard attacks as you move away!
The orc wizard hits you with a +0 dagger.
* * * LOW HITPOINT WARNING * * *
Your hound bites the orc wizard.
The orc wizard gestures at you while chanting.
The puff of flame hits you!
You die...

Skill      XL: |  1  2 |
---------------+-------+-----
Fighting       | 1 |  1.2
Dodging        | |  2.5
Stealth        | |  2.6
Spellcasting   | |  2.4
Summonings     | |  4.3

Action                   || total
-------------------------++-------
Melee: Dagger            ||     9
       Tentacles         ||     3
       Short sword       ||    10
       Constrict         ||     3
       Punch             ||     1
       Unarmed           ||     1
 Cast: Summon Small Mamm ||    37
       Call Canine Famil ||     1
 Stab: Sleeping          ||     1
Armor: Skin              ||     3
Dodge: Dodged            ||    20

Levels and vault maps discovered:
D:1:      dpeg_arrival_pits, layout_basic, serial_shops,
          nicolae_shop_bloodbath_and_beyond
D:2:      layout_rooms, basic_ecumenical_altar, nicolae_kite_square_tiling_tiny,
          nrook_campfire, chequers_big_river
D:3:      layout_basic, evilmike_ruin_ashenzari

Notes
Turn   | Place    | Note
-------+----------+-------------------------------------------
     0 | D:1      | mcwallace the Octopode Summoner began the quest for the
                  | Orb.
     0 | D:1      | Reached XP level 1. HP: 11/11 MP: 3/3
     0 | D:1      | magus.rc [v1.9.6]
    88 | D:1      | Reached XP level 2. HP: 17/18 MP: 3/5
   337 | D:1      | Found Akexkext's Weapon Boutique.
   708 | D:2      | Found a faded altar of an unknown god.
   771 | D:2      | Reached skill level 1 in Fighting
   771 | D:2      | Reached XP level 3. HP: 21/23 MP: 3/6
  1300 | D:3      | Learned a level 3 spell: Call Canine Familiar
  1428 | D:3      | HP: 3/23 [orc wizard/+0 dagger (4)]
  1433 | D:3      | HP: 3/23 [orc wizard/+0 dagger (1)]
  1433 | D:3      | Killed from afar by an orc wizard

Vanquished Creatures
  2 endoplasms
  A goblin (D:1)
  A hobgoblin (D:1)
  A quokka (D:1)
  A bat (D:1)
  A frilled lizard (D:3)
  3 kobolds
10 creatures vanquished.

Vanquished Creatures (collateral kills)
  An adder (D:2)
  A dart slug (D:2)
  An orc (D:3)
  3 goblins
  3 hobgoblins
  A quokka (D:1)
  A ball python (D:1)
  2 bats
  A frilled lizard (D:1)
  5 rats
19 creatures vanquished.

Grand Total: 29 creatures vanquished

Table legend:
 A = Non-vault XP
 B = Vault XP
 C = Vault XP percentage of total XP
 D = Non-vault monster count
 E = Vault monster count
 F = Vault count percentage of total count
                 A         B        C        D         E       F
            +---------+---------+-------+---------+---------+-------
      Total |      59 |       0 |   0.0 |      29 |       0 |   0.0
            +---------+---------+-------+---------+---------+-------
        D:1 |      25 |       0 |   0.0 |      17 |       0 |   0.0
        D:2 |      25 |       0 |   0.0 |       7 |       0 |   0.0
        D:3 |       9 |       0 |   0.0 |       5 |       0 |   0.0
            +---------+---------+-------+---------+---------+-------

Illustrated notes

Table legend:
 A = Kills in this place as a percentage of kills in entire the game.
 B = Kills by you in this place as a percentage of kills by you in the entire game.
 C = Kills by friends in this place as a percentage of kills by friends in the entire game.
 D = Other kills in this place as a percentage of other kills in the entire game.
 E = Experience gained in this place as a percentage of experience gained in the entire game.
 F = Experience gained in this place divided by the number of levels of this place that you have seen.
                   A       B       C       D       E      F
               +-------+-------+-------+-------+-------+----------------------
         Total | 100.0 | 100.0 | 100.0 |   N/A | 100.0 |  19.7
       Dungeon | 100.0 | 100.0 | 100.0 |   N/A | 100.0 |  19.7
               +-------+-------+-------+-------+-------+----------------------

Table legend: (Time is in decaauts)
 A = Elapsed time spent in this place.
 B = Non-inter-level travel time spent in this place.
 C = Inter-level travel time spent in this place.
 D = Time resting spent in this place.
 E = Time spent auto-exploring this place.
 F = Levels seen in this place.
 G = Mean time per level.
                   A        B        C        D        E       F      G
               +--------+--------+--------+--------+--------+-----+--------+
         Total |   1430 |   1381 |     49 |      0 |    986 |   3 |  476.7 |
       Dungeon |   1430 |   1381 |     49 |      0 |    986 |   3 |  476.7 |
               +--------+--------+--------+--------+--------+-----+--------+

Top non-repeatable levels by time:
     D:2: 687 daAuts
     D:1: 592 daAuts
     D:3: 151 daAuts
